 Dungeon Crawl Stone Soup version 0.27.1-34-g3ba077fa99 (webtiles) character file.

Game seed: 1607907897684484541

59 Descartes the Grasshopper (level 3, -2/18 HPs)
             Began as a Spriggan Warper on Jan 9, 2022.
             Was an Initiate of Gozag.
             Slain by a worm (10 damage)
             ... on level 2 of the Dungeon.
             The game lasted 00:04:24 (2881 turns).

Descartes the Grasshopper (Spriggan Warper)         Turns: 2881, Time: 00:04:25

Health: -2/18      AC:  2    Str:  8    XL:     3   Next: 78%
Magic:  8/8        EV: 18    Int: 14    God:    Gozag
Gold:   131        SH:  0    Dex: 14    Spells: 3/8 levels left

rFire    + . .     SeeInvis +   a - +0 short sword
rCold    . . .     Faith    .   (shield restricted)
rNeg     . . .     Spirit   .   k - +0 robe
rPois    .         Reflect  .   (helmet restricted)
rElec    .         Harm     .   (no cloak)
rCorr    .         Rampage  .   (gloves unavailable)
Will     .....                  (boots unavailable)
Stlth    ++........             (no amulet)
HPRegen  0.06/turn              i - ring of protection from fire
MPRegen  0.11/turn              (no ring)

@: very quick
A: very small, no large weapons, unfitting armour, see invisible, speed 3
a: Renounce Religion, Potion Petition, Call Merchant, Bribe Branch


You were on level 2 of the Dungeon.
You worshipped Gozag.
Gozag was aware of your devotion.
You visited 1 branch of the dungeon, and saw 2 of its levels.

You collected 131 gold pieces.

Inventory:

Hand Weapons
 a - a +0 short sword (weapon)
 b - a +0 hunting sling
Missiles
 d - 5 boomerangs of dispersal
 e - 62 stones
 f - 34 poisoned darts (quivered)
Armour
 k - a +0 robe (worn)
Jewellery
 i - a ring of protection from fire (left hand)
Scrolls
 c - a scroll of blinking
 g - a scroll of acquirement {unknown}
 m - a scroll of fear {unknown}
Potions
 h - a potion of heal wounds {unknown}
 j - 2 potions of curing
 l - a potion of mutation {unknown}


   Skills:
 + Level 2.0 Fighting
 + Level 2.8 Short Blades
 + Level 1.6 Throwing
 + Level 3.6 Dodging
 + Level 1.7 Stealth
 - Level 3.0 Spellcasting
 + Level 4.7 Translocations


You had 3 spell levels left.
You knew the following spells:

 Your Spells              Type           Power      Damage    Failure   Level
a - Blink                 Tloc           N/A        N/A       4%          2
b - Teleport Other        Tloc           15%        N/A       9%          3

Your spell library contained the following spells:

 Spells                   Type           Power      Damage    Failure   Level
 Gell's Gravitas          Tloc           7%         N/A       9%          3
 Lesser Beckoning         Tloc           7%         N/A       9%          3
 Corpse Rot               Necr/Air       N/A        N/A       32%         2
 Poisonous Vapours        Pois/Air       4%         N/A       32%         2
 Manifold Assault         Tloc           15%        N/A       63%         5
 Freezing Cloud           Conj/Ice/Air   1%         6-21      99%         5


Dungeon Overview and Level Annotations

Branches:
Dungeon (2/15)

Altars:
Gozag

Annotations:
D:2 Natasha


Innate Abilities, Weirdness & Mutations

You are very small and have problems with some larger weapons.
You are too small for most types of armour.
You have supernaturally acute eyesight. (SInv)
You cover ground extremely quickly. (Speed+++)


Message History

No target in view!
No target in view!
No target in view!
No target in view!
No target in view!
No target in view!
You now have 125 gold pieces (gained 5).
You now have 131 gold pieces (gained 6).
A worm comes into view.
You hit the worm.
The worm is lightly wounded.
The worm bites you!
Ouch! That really hurt!
You are too injured to fight recklessly!
You are too injured to fight recklessly!
You are too injured to fight recklessly!
You are too injured to fight recklessly!
You are too injured to fight recklessly!
You are too injured to fight recklessly!
You are too injured to fight recklessly!
You are too injured to fight recklessly!
You are too injured to fight recklessly!
You are too injured to fight recklessly!
A worm is nearby!
You hit the worm.
The worm is moderately wounded.
The worm closely misses you.
You hit the worm.
The worm is moderately wounded.
You barely miss the worm.
The worm is moderately wounded.
The worm closely misses you.
You hit the worm.
The worm is heavily wounded.
You hit the worm.
The worm is severely wounded.
The worm bites you!
Ouch! That really hurt!
You die...
Your body crumbles into a pile of gold.

#.#
#.................
##.....###.#.####
#.....# #.#
###.### #.# #.#
#.#$ #.# #.#
.#####.#####.#
..........##.#.#
......w@.......#
.#####.#########
#. #. #. #. #. #.


You could see a worm.

Vanquished Creatures
  A worm (D:2)
  4 dart slugs
  7 endoplasms (D:1)
  2 giant cockroaches (D:1)
  2 goblins (D:1)
  A hobgoblin (D:1)
  5 jackals (D:1)
  5 kobolds
  2 quokkas (D:1)
  5 ball pythons
  4 bats (D:1)
  2 frilled lizards (D:1)
  7 rats
47 creatures vanquished.

Notes
Turn   | Place    | Note
-------+----------+-------------------------------------------
     0 | D:1      | Descartes the Spriggan Warper began the quest for the Orb.
     0 | D:1      | Reached XP level 1. HP: 10/10 MP: 5/5
   402 | D:1      | Reached XP level 2. HP: 9/15 MP: 6/6
   867 | D:1      | Reached skill level 1 in Stealth
  1327 | D:1      | Reached XP level 3. HP: 16/18 MP: 8/8
  1979 | D:1      | Found a faded altar of an unknown god.
  2092 | D:1      | Became a worshipper of Gozag Ym Sagoz the Greedy
  2321 | D:2      | Noticed Natasha
  2535 | D:2      | Learned a level 2 spell: Blink
  2539 | D:2      | Learned a level 3 spell: Teleport Other
  2881 | D:2      | Slain by a worm

Illustrated notes

Levels and vault maps discovered:
D:1:      dpeg_arrival_circle_labyrinth_b, layout_basic,
          shapermc_ecumenical_altar_pompeii, minmay_pentomino_o2
D:2:      layout_loops_ring, minmay_split_cup_small, uniq_natasha, uniq_sigmund

Skill      XL: |  1  2  3 |
---------------+----------+-----
Stealth        | 1 |  1.7
Spellcasting   | 3 |  3.0
Fighting       | 2 |  2.0
Short Blades   | |  2.8
Throwing       | |  1.6
Dodging        | |  3.6
Translocations | |  4.7

Action                   || total
-------------------------++-------
Melee: Short sword       ||   198
Throw: Dart              ||     1
  Use: Potion            ||     1
 Stab: Sleeping          ||     7
Armor: Robe              ||    23
Dodge: Dodged            ||   168
